 Dungeon Crawl Stone Soup version 0.31-a0-466-g98c9adc2b6 (webtiles) character file.

Game seed: 185261371521704897

77 Anon1729 the Trooper (level 4, -2/41 HPs)
             Began as a Minotaur Monk on Aug 5, 2023.
             Slain by Robin
             ... wielding a +1 vampiric spear
              (4 damage)
             ... on level 2 of the Dungeon.
             The game lasted 00:00:44 (1029 turns).

Anon1729 the Trooper (Minotaur Monk)                Turns: 1029, Time: 00:00:45

Health: -2/41      AC:  3    Str: 18    XL:     4   Next: 13%
Magic:  3/3        EV: 13    Int:  7    God:
Gold:   28         SH:  0    Dex: 12    Spells: 3/3 levels left

rFire   . . .        a - +0 hand axe
rCold   . . .        d - orb {light}
rNeg    . . .        b - +0 robe
rPois   .            (helmet restricted)
rElec   .            (no cloak)
rCorr   .            (no gloves)
SInv    .            e - +0 pair of boots
Will    .....        (no amulet)
Stlth   +            (no ring)
HPRegen 0.26/turn    (no ring)
MPRegen 0.08/turn

%: no passive effects
@: glowing
A: horns 2, retaliatory headbutt
a: no special abilities


You were on level 2 of the Dungeon.
You visited 1 branch of the dungeon, and saw 2 of its levels.

You collected 28 gold pieces.

Inventory:

Hand Weapons
 a - a +0 hand axe (weapon)
Armour
 b - a +0 robe (worn)
 d - an orb of light (worn)
 e - a +0 pair of boots (worn)
Jewellery
 l - a ring of positive energy
Scrolls
 g - 2 scrolls of teleportation
 h - a scroll of poison {unknown}
 i - 2 scrolls of blinking {unknown}
 j - a scroll of identify {unknown}
 m - a scroll of enchant armour {unknown}
Potions
 c - a potion of ambrosia
 f - a potion of might {unknown}
 k - a potion of attraction {unknown}


   Skills:
 + Level 4.6 Fighting
 + Level 4.5 Axes
 + Level 4.1 Dodging


You had 3 spell levels left.
You didn't know any spells.
Your spell library was empty.

Dungeon Overview and Level Annotations

Branches:
Dungeon (2/15)

Altars:

Annotations:
D:2 Robin


Innate Abilities, Weirdness & Mutations

You have a pair of horns on your head.
You reflexively headbutt those who attack you in melee.


Message History

You are too injured to fight recklessly!
You are too injured to fight recklessly!
You are too injured to fight recklessly!
You are too injured to fight recklessly!
You are too injured to fight recklessly!
You are too injured to fight recklessly!
You are too injured to fight recklessly!
You are too injured to fight recklessly!
You hit the goblin.
You kill the goblin!
You hit the goblin but do no damage. x2; The goblin hits you with a +0 club.
The goblin barely misses you.
Robin hits you from afar with a +1 vampiric spear.
You hit the goblin.
You kill the goblin!
You hit the goblin. The goblin hits you but does no damage.
Robin says, "Bow before me, strongest of all the hobgoblins!"
Robin hits you from afar with a +1 vampiric spear.
You hit the goblin.
You kill the goblin!
You hit the goblin.
You kill the goblin!
Robin hits you from afar with a +1 vampiric spear.
* * * LOW HITPOINT WARNING * * *
Robin hits you with a +1 vampiric spear.
* * * LOW HITPOINT WARNING * * *
Items here: ))) †.
You hit Robin.
Robin is lightly wounded.
Robin hits you with a +1 vampiric spear.
* * * LOW HITPOINT WARNING * * *
Robin draws strength from your wounds!
You hit Robin.
Robin is lightly wounded.
Robin hits you with a +1 vampiric spear.
* * * LOW HITPOINT WARNING * * *
You hit Robin. You headbutt Robin, but do no damage.
Robin is moderately wounded.
Robin hits you with a +1 vampiric spear.
You die...

.####...#
#........ #.
.)).....$
#.##[..
#........ #.....
#####...# #..#..
# ..# .%#.# # .#
#. #.#.# # #
#.###g#.# ##
#....@))# .#
#....).)#####.#
.#
###...).........
.###.#
#.........####.
.....#
##.#.#..##...#
..##.#
......†......#
..#
........#..#.#
....
.#.#.#.......#
.###.
#.#.##..#.#


You could see Robin.

Vanquished Creatures
  2 gnolls (D:2)
  A dart slug (D:1)
  3 endoplasms
  4 giant cockroaches
  12 goblins
  6 hobgoblins
  3 quokkas
  5 ball pythons
  5 bats
  2 frilled lizards (D:1)
  4 kobolds (D:1)
  3 rats (D:1)
50 creatures vanquished.

Notes
Turn   | Place    | Note
-------+----------+-------------------------------------------
     0 | D:1      | Anon1729 the Minotaur Monk began the quest for the Orb.
     0 | D:1      | Reached XP level 1. HP: 19/19 MP: 0/0
    35 | D:1      | Reached XP level 2. HP: 20/27 MP: 1/1
   564 | D:1      | Reached XP level 3. HP: 33/33 MP: 2/2
   927 | D:2      | HP: 1/34 [quokka (2)]
  1014 | D:2      | Noticed Robin
  1019 | D:2      | Reached XP level 4. HP: 35/41 MP: 3/3
  1028 | D:2      | HP: 2/41 [Robin/+1 vampiric spear (3)]
  1029 | D:2      | Slain by Robin

Illustrated notes

Levels and vault maps discovered:
D:1:      lightli_iron_boxes, layout_basic
D:2:      layout_loops_cross, uniq_robin

Skill      XL: |  1  2  3 |
---------------+----------+-----
Fighting       | 4 |  4.6
Axes           | 4 |  4.5
Dodging        | 4 |  4.1

Action                     |  1- 3 |  4- 6 || total
---------------------------+-------+-------++-------
  Melee: Hand axe          |    70 |    10 ||    80
         Headbutt          |     7 |     1 ||     8
    Use: Scroll            |     1 |       ||     1
         Potion            |     1 |       ||     1
 Armour: Robe              |    17 |     3 ||    20
  Dodge: Dodged            |    56 |     4 ||    60

Table legend: (Time is in decaauts)
 A = Elapsed time spent in this place.
 B = Non-inter-level travel time spent in this place.
 C = Inter-level travel time spent in this place.
 D = Time resting spent in this place.
 E = Time spent auto-exploring this place.
 F = Levels seen in this place.
 G = Mean time per level.
                   A        B        C        D        E       F      G
               +--------+--------+--------+--------+--------+-----+--------+
         Total |   1036 |    990 |     46 |      0 |    779 |   2 |  518.0 |
       Dungeon |   1036 |    990 |     46 |      0 |    779 |   2 |  518.0 |
               +--------+--------+--------+--------+--------+-----+--------+

Top non-repeatable levels by time:
     D:1: 799 daAuts
     D:2: 237 daAuts
